[Event "Titled Tuesday Blitz October 5 2021"]
[White "Carnicelli, Valerio"]
[Black "Zhigalko, Sergei"]
[WhiteFideId "856185"]
[BlackFideId "13502956"]
[WhiteElo "2332"]
[BlackElo "2662"]
[Result "0-1"]
[Round "04"]
[TimeControl "180+1"]
[Date "2021.10.05"]
[WhiteClock "0:00:05"]
[BlackClock "0:00:04"]

1. d4 Nf6 2. c4 e6 3. Nc3 Bb4 4. Qc2 O-O 5. Nf3 d5 6. cxd5 exd5 7. Bg5 c5 8. a3 Bxc3+ 9. bxc3 h6 10. Bh4 g5 11. Bg3 Ne4 12. e3 Bf5 13. Bd3 c4 14. Bxe4 Bxe4 15. Qd2 f6 16. O-O Nc6 17. Qb2 Rf7 18. Nd2 Bd3 19. Rfe1 Re7 20. f3 Qe8 21. Bf2 Rd8 22. e4 b6 23. exd5 Rxd5 24. Rxe7 Nxe7 25. Re1 Qd7 26. Ne4 Kf7 27. Bg3 Nf5 28. Qb4 Rb5 29. Qa4 Rd5 30. Qd1 h5 31. Qd2 h4 32. Bf2 Qa4 33. Nxg5+ fxg5 34. Qxg5 Qc6 35. Bxh4 Qg6 36. Qf4 Kg8 37. Bf2 Rd7 38. Re5 Rf7 39. Re8+ Rf8 40. Rxf8+ Kxf8 41. Qb8+ Qe8 42. Qxa7 Qe2 43. Qb8+ Kf7 44. Qc7+ Ne7 45. Qf4+ Ke8 46. Qc1 Nd5 47. h4 Kd7 48. Qe1 Qc2 49. Qe5 Nxc3 50. Bg3 Ne2+ 51. Kh2 Nxg3 52. Qxg3 Qe2 53. Qg7+ Qe7 54. h5 Qxg7 0-1


[Site "https://www.chess.com"]

[Event "Titled Tuesday Blitz October 5 2021"]
[White "Csonka, Balazs"]
[Black "Ekdyshman, Mikhail"]
[WhiteFideId "742910"]
[BlackFideId "4149416"]
[WhiteElo "2404"]
[BlackElo "2256"]
[Result "1-0"]
[Round "04"]
[TimeControl "180+1"]
[Date "2021.10.05"]
[WhiteClock "0:00:03"]
[BlackClock "0:00:02"]

1. e4 c5 2. Nf3 d6 3. d4 cxd4 4. Nxd4 Nf6 5. Nc3 a6 6. Qe2 Nbd7 7. g4 h6 8. Rg1 e6 9. h4 g6 10. Be3 b5 11. a3 Bb7 12. Bg2 Rc8 13. Bd2 Ne5 14. g5 Nfd7 15. O-O-O Nc4 16. f4 Bg7 17. Be1 hxg5 18. hxg5 e5 19. Nf5 gxf5 20. exf5 Bxg2 21. Rxg2 Qb6 22. Nd5 Qc5 23. f6 Bf8 24. g6 fxg6 25. Qg4 Kd8 26. Qe6 Ncb6 27. Ba5 Rc6 28. f7 Kc8 29. Bxb6 Rxb6 30. Qe8+ Kb7 31. Qxd7+ Kb8 32. Qd8+ Kb7 33. Qd7+ Kb8 34. Nxb6 Qxb6 35. fxe5 Bh6+ 36. Kb1 Rd8 37. Qe7 Bf8 38. Qe6 1-0


[Site "https://www.chess.com"]

[Event "Titled Tuesday Blitz October 5 2021"]
[White "Cunha, Lucas Aguiar"]
[Black "Balabayeva, Xeniya"]
[WhiteFideId "2125404"]
[BlackFideId "13719688"]
[WhiteElo "2361"]
[BlackElo "1965"]
[Result "1-0"]
[Round "04"]
[TimeControl "180+1"]
[Date "2021.10.05"]
[WhiteClock "0:00:40"]
[BlackClock "0:00:00"]

1. e4 c6 2. d4 d5 3. e5 Bf5 4. Nf3 e6 5. Be2 Nd7 6. O-O h6 7. Nbd2 g5 8. Ne1 Be7 9. Nb3 c5 10. c3 c4 11. Nd2 Rc8 12. b3 cxb3 13. Qxb3 Qc7 14. c4 dxc4 15. Bxc4 h5 16. Bb2 Nh6 17. Rc1 Qb8 18. Nd3 O-O 19. d5 exd5 20. Bxd5 Nb6 21. Be4 Be6 22. Qd1 Rxc1 23. Bxc1 g4 24. Nb3 Nf5 25. h3 Ng7 26. hxg4 hxg4 27. Bh6 f5 28. exf6 Rxf6 29. Bg5 Rf7 30. Qd2 Bxg5 31. Qxg5 Qd6 32. Re1 Re7 33. Qh6 Nc8 34. Nf4 Bf7 35. Qh7+ Kf8 36. Qh8+ Bg8 37. Ng6+ Kf7 38. Nxe7 Nxe7 39. Bc2 Qc6 40. Nd4 Qc3 41. Bb3+ Kf6 42. Rxe7 Kxe7 43. Qxg7+ Kd6 44. Nf5+ 1-0


[Site "https://www.chess.com"]

[Event "Titled Tuesday Blitz October 5 2021"]
[White "De Silva, L M S T"]
[Black "Brunner, Nicolas"]
[WhiteFideId "9953698"]
[BlackFideId "620246"]
[WhiteElo "1621"]
[BlackElo "2372"]
[Result "1-0"]
[Round "04"]
[TimeControl "180+1"]
[Date "2021.10.05"]
[WhiteClock "0:01:37"]
[BlackClock "0:00:13"]

1. e4 e5 2. Nf3 Nc6 3. Bc4 Nf6 4. d3 Be7 5. O-O O-O 6. Re1 d6 7. a4 Na5 8. Ba2 c5 9. Nbd2 Nc6 10. h3 h6 11. Nf1 Be6 12. Ng3 Bxa2 13. Rxa2 Re8 14. c3 Bf8 15. Nh4 g6 16. Nf1 Bg7 17. g3 Qd7 18. Kh2 d5 19. Qf3 dxe4 20. dxe4 Nh7 21. Be3 Ng5 22. Bxg5 hxg5 23. Ng2 f6 24. Nge3 Kf7 25. Nd5 Ne7 26. Nfe3 Rh8 27. g4 Nc8 28. Raa1 Nd6 29. Rad1 Rad8 30. Rd2 Qe6 31. Red1 b6 32. b3 Nb7 33. Nc4 Rh4 34. Kg2 Rdh8 35. Nxf6 Bxf6 36. Rd7+ Ke8 37. Rxb7 Rxh3 38. Rd6 Rh2+ 39. Kf1 1-0


[Site "https://www.chess.com"]

[Event "Titled Tuesday Blitz October 5 2021"]
[White "Djordjevic, Vuk"]
[Black "Bilan, Danila"]
[WhiteFideId "902098"]
[BlackFideId "24161918"]
[WhiteElo "2463"]
[BlackElo "2164"]
[Result "1-0"]
[Round "04"]
[TimeControl "180+1"]
[Date "2021.10.05"]
[WhiteClock "0:00:14"]
[BlackClock "0:00:03"]

1. d4 d5 2. Bf4 Nf6 3. e3 c5 4. c3 Nc6 5. Nd2 cxd4 6. exd4 Bf5 7. Ngf3 e6 8. Nh4 Bg4 9. Qb3 Qc8 10. h3 Bh5 11. g4 Bg6 12. Be2 Be7 13. Nxg6 hxg6 14. Kf1 Qd7 15. Kg2 Bd6 16. Be3 O-O 17. h4 Ne4 18. f3 Ng3 19. Rhe1 Nxe2 20. Rxe2 f5 21. g5 f4 22. Bf2 Ne7 23. Rae1 Nf5 24. Rxe6 Ne3+ 25. R6xe3 fxe3 26. Qxd5+ Kh8 27. Rxe3 Rf5 28. Re5 Raf8 29. Bg3 Rd8 30. Rxf5 gxf5 31. Bxd6 Qxd6 32. Qxf5 Re8 33. Ne4 Qa6 34. h5 Qe2+ 35. Nf2 Qe3 36. h6 gxh6 37. Qf6+ Kh7 38. Qxh6+ Kg8 39. Qg6+ Kf8 40. Qf5+ Kg8 41. Qg6+ Kf8 42. Qf6+ Kg8 43. g6 Rf8 44. Qh4 Qxf3+ 45. Kg1 Kg7 46. Qh7+ Kf6 47. g7 Qg3+ 48. Kf1 Qxg7 49. Qxg7+ Kxg7 50. Ke2 Kf7 51. Ne4 Ke6 52. Nc5+ Kd5 53. Ke3 b6 54. Nd3 Re8+ 55. Kd2 Rh8 56. Nb4+ Ke4 57. Kc2 Rh2+ 58. Kb3 Rh5 59. a4 Ke3 60. Nc6 a6 61. Ne5 Ke4 62. Nd7 b5 63. a5 Kd5 64. Nf6+ Kc6 65. Nxh5 Kd5 1-0


[Site "https://www.chess.com"]

[Event "Titled Tuesday Blitz October 5 2021"]
[White "Dounis, Alexandros"]
[Black "Quintiliano Pinto, Renato R."]
[WhiteFideId "4213238"]
[BlackFideId "2117568"]
[WhiteElo "2195"]
[BlackElo "2439"]
[Result "0-1"]
[Round "04"]
[TimeControl "180+1"]
[Date "2021.10.05"]
[WhiteClock "0:00:02"]
[BlackClock "0:00:19"]

1. Nf3 Nf6 2. g3 d5 3. Bg2 e6 4. O-O Be7 5. d4 O-O 6. c4 dxc4 7. Ne5 Nc6 8. Nxc6 bxc6 9. Na3 Bxa3 10. bxa3 Ba6 11. Qd2 Rb8 12. Qa5 Rb6 13. Rd1 Bb5 14. e4 Qe7 15. Bf4 Rc8 16. Qb4 Qxb4 17. axb4 Ra6 18. a3 h6 19. Rdc1 Ra4 20. f3 a5 21. bxa5 Rxa5 22. Bf1 Ra4 23. Rc3 Nd7 24. Be2 Nb6 25. Bd1 Ra7 26. a4 Nxa4 27. Bxa4 Rxa4 28. Rxa4 Bxa4 29. Rxc4 Bb5 30. Rc5 Rd8 31. Be3 f6 32. h4 Kf7 33. h5 Ke7 34. Kg2 Rb8 35. d5 exd5 36. exd5 cxd5 37. Rxc7+ Bd7 38. Bc5+ Ke6 39. Ra7 Rc8 40. Ra5 Rb8 41. g4 Rb3 42. Kg3 Bc6 43. Bd4 Rb4 44. Bc5 Rc4 45. Bf2 d4 46. f4 Rc3+ 47. Kh2 Rc2 48. Kg3 d3 49. Ra3 d2 50. Re3+ Kf7 51. Rd3 Bb5 52. Rd4 Rc3+ 53. Kg2 Rd3 0-1


[Site "https://www.chess.com"]

[Event "Titled Tuesday Blitz October 5 2021"]
[White "Fernandez Hernandez, Arturo A."]
[Black "Starozhilov, Leonid"]
[WhiteFideId "3509230"]
[BlackFideId "14106752"]
[WhiteElo "2400"]
[BlackElo "2414"]
[Result "0-1"]
[Round "04"]
[TimeControl "180+1"]
[Date "2021.10.05"]
[WhiteClock "0:00:17"]
[BlackClock "0:01:27"]

1. Nf3 Nf6 2. c4 g6 3. b4 d5 4. e3 Bg7 5. Bb2 O-O 6. c5 Bg4 7. Be2 Nbd7 8. Ne5 Bxe2 9. Qxe2 c6 10. f4 a5 11. a3 axb4 12. axb4 Rxa1 13. Bxa1 Nxe5 14. Bxe5 b6 15. O-O bxc5 16. bxc5 Ne4 17. Bxg7 Kxg7 18. d4 Qa5 19. f5 Rb8 20. fxg6 hxg6 21. Qc2 Qb4 22. g3 Qb2 23. Qg2 Qxg2+ 24. Kxg2 Rb2+ 25. Kf3 Rxb1 26. Rxb1 Nd2+ 27. Ke2 Nxb1 28. Kd3 Kf6 29. Kc2 Na3+ 30. Kb3 Nb5 31. Kb4 Ke6 32. Ka5 Kd7 33. Kb6 f5 34. h3 Nc3 35. g4 fxg4 36. hxg4 Nd1 37. e4 Nc3 38. exd5 Nxd5+ 39. Kb7 e6 40. g5 Nb4 41. Kb6 Nc2 42. Ka5 Nxd4 43. Kb4 Nf3 0-1


[Site "https://www.chess.com"]

[Event "Titled Tuesday Blitz October 5 2021"]
[White "Fier, Alexandr"]
[Black "Seul, Georg"]
[WhiteFideId "2107139"]
[BlackFideId "4601653"]
[WhiteElo "2569"]
[BlackElo "2332"]
[Result "1-0"]
[Round "04"]
[TimeControl "180+1"]
[Date "2021.10.05"]
[WhiteClock "0:02:26"]
[BlackClock "0:00:36"]

1. e4 e5 2. f4 d5 3. exd5 exf4 4. Nf3 Nf6 5. Be2 Nxd5 6. c4 Ne7 7. d4 Ng6 8. O-O Be7 9. Nc3 O-O 10. Nd5 Nc6 11. Nxf4 Bg4 12. d5 Bxf3 13. Bxf3 Nce5 14. Be2 Bc5+ 15. Kh1 Qd7 16. Nh5 f5 17. b3 Rae8 18. Bb2 Qe7 19. Bf3 Qg5 20. Bc1 Be3 21. Ba3 Rf7 22. Ng3 Nxf3 23. Qxf3 Nh4 24. Qh5 Qxh5 25. Nxh5 g6 26. Ng3 Bd4 27. Rad1 Bg7 28. Rfe1 Re5 29. Rxe5 Bxe5 30. Re1 Bd6 31. Bxd6 cxd6 32. Re6 Rd7 33. Kg1 Kf7 34. Kf2 a5 35. Ne2 g5 36. Nd4 a4 37. g3 axb3 38. axb3 1-0


[Site "https://www.chess.com"]

[Event "Titled Tuesday Blitz October 5 2021"]
[White "Florescu, Codrut-Constantin"]
[Black "Bordi, Kevin"]
[WhiteFideId "1202200"]
[BlackFideId "621862"]
[WhiteElo "2243"]
[BlackElo "2824"]
[Result "0-1"]
[Round "04"]
[TimeControl "180+1"]
[Date "2021.10.05"]
[WhiteClock "0:00:01"]
[BlackClock "0:00:08"]

1. d4 Nf6 2. c4 c6 3. Nf3 d5 4. e3 Bf5 5. Bd3 Bg6 6. Bxg6 hxg6 7. Qc2 e6 8. O-O Bd6 9. h3 Ne4 10. Nc3 f5 11. Nxe4 fxe4 12. Ne5 Bxe5 13. dxe5 Nd7 14. cxd5 exd5 15. f4 g5 16. e6 Nf8 17. f5 g4 18. Qb3 Qc7 19. Rf4 gxh3 20. g3 g6 21. Qc3 Rh7 22. Kh2 gxf5 23. Qf6 Qe7 24. Qxf5 O-O-O 25. Bd2 Nxe6 26. Raf1 Qd7 27. Bb4 Nxf4 28. Qxf4 b6 29. a4 c5 30. Bc3 Kb7 31. Be5 Qxa4 32. Rf2 Qd7 33. Qg5 Re8 34. b4 Rf7 35. Rd2 Rf5 36. Qg7 Rf7 37. Qg5 Rf5 38. Qg7 Re7 39. Qh8 Rfxe5 40. bxc5 Re8 41. c6+ Qxc6 42. Qg7+ R8e7 43. Qg4 Qe6 44. Qf4 Rf7 45. Qh4 Ref5 46. Rc2 Rf2+ 47. Kg1 Rxc2 48. Qd8 h2+ 49. Kh1 Rf1# 0-1


[Site "https://www.chess.com"]

[Event "Titled Tuesday Blitz October 5 2021"]
[White "Gabrielian, Artur"]
[Black "Timofeev, Artyom"]
[WhiteFideId "4131002"]
[BlackFideId "4140419"]
[WhiteElo "2489"]
[BlackElo "2591"]
[Result "0-1"]
[Round "04"]
[TimeControl "180+1"]
[Date "2021.10.05"]
[WhiteClock "0:00:50"]
[BlackClock "0:02:19"]

1. e4 c5 2. Nc3 Nc6 3. Bb5 Nd4 4. Bc4 e6 5. Nf3 Ne7 6. Nxd4 cxd4 7. Ne2 Nc6 8. O-O Be7 9. d3 O-O 10. a3 f5 11. c3 dxc3 12. Nxc3 f4 13. d4 Kh8 14. d5 Ne5 15. Ba2 f3 16. g3 Qe8 17. dxe6 Qh5 18. Nd5 Qh3 19. Ne3 Ng4 20. Qc2 Qxh2# 0-1


[Site "https://www.chess.com"]

[Event "Titled Tuesday Blitz October 5 2021"]
[White "Garcia Blanco, Omar"]
[Black "Goncalves, Ivan Mesquita V"]
[WhiteFideId "2287153"]
[BlackFideId "2114224"]
[WhiteElo "2291"]
[BlackElo "2299"]
[Result "0-1"]
[Round "04"]
[TimeControl "180+1"]
[Date "2021.10.05"]
[WhiteClock "0:00:13"]
[BlackClock "0:00:21"]

1. e4 c5 2. c3 Nf6 3. e5 Nd5 4. d4 cxd4 5. Nf3 e6 6. cxd4 d6 7. Bc4 Bd7 8. O-O Bc6 9. Bd2 Be7 10. Nc3 Nxc3 11. Bxc3 Nd7 12. Qe2 O-O 13. Rad1 dxe5 14. dxe5 Qc7 15. Rfe1 Nb6 16. Bd3 Rfd8 17. h4 Rd7 18. Bb1 Rad8 19. Nd4 Nd5 20. Bd2 Nf4 21. Bxf4 Rxd4 22. Bg3 g6 23. h5 Qb6 24. hxg6 hxg6 25. b3 Bb4 26. Rxd4 Qxd4 27. Rc1 Qd5 28. f3 Bc5+ 29. Kh2 Kg7 30. Rc4 Bd4 31. Be4 Rh8+ 32. Bh4 Rxh4+ 33. Kg3 Qd8 34. Rxd4 Qxd4 35. Kxh4 Qxe5 36. Qd3 Qh2+ 37. Kg4 f5+ 38. Bxf5 gxf5+ 39. Kg5 Qg3+ 40. Kh5 Be8# 0-1


[Site "https://www.chess.com"]

[Event "Titled Tuesday Blitz October 5 2021"]
[White "Garcia Garcia, Alejandro"]
[Black "Bujisho, Benjamin"]
[WhiteFideId "3516334"]
[BlackFideId "608610"]
[WhiteElo "2131"]
[BlackElo "2371"]
[Result "1/2-1/2"]
[Round "04"]
[TimeControl "180+1"]
[Date "2021.10.05"]
[WhiteClock "0:00:17"]
[BlackClock "0:00:13"]

1. Nf3 g6 2. g3 Bg7 3. Bg2 Nf6 4. O-O O-O 5. c4 d6 6. Nc3 e5 7. Rb1 Re8 8. b4 a6 9. a4 c6 10. b5 axb5 11. axb5 d5 12. bxc6 bxc6 13. cxd5 cxd5 14. d4 e4 15. Ne5 Nbd7 16. Bg5 Nxe5 17. dxe5 Rxe5 18. Nxe4 Bf5 19. Nxf6+ Bxf6 20. Bxf6 Qxf6 21. Rb2 Be4 22. e3 h5 23. Rd2 h4 24. Bxe4 dxe4 25. Qg4 Kg7 26. Rfd1 hxg3 27. hxg3 Qf5 28. Qxf5 Rxf5 29. Rd5 Rxd5 30. Rxd5 f5 31. Rd2 Kf6 32. Kg2 Kg5 33. Rb2 Ra3 34. Rb6 Ra2 35. Rc6 Kh5 36. Rf6 Rb2 37. Re6 g5 38. Re5 Kg4 39. Re8 Ra2 40. Rf8 Rb2 41. Re8 Rb6 42. Ra8 Rg6 43. Ra4 Re6 44. Ra8 Kh5 45. Rh8+ Kg6 46. Rf8 Kg7 47. Rxf5 Kg6 48. Rf8 Kg7 49. Ra8 Kg6 50. Ra5 Kf6 51. g4 Kg6 52. Kg3 Re8 53. Rf5 Re7 54. f3 exf3 55. Kxf3 Ra7 56. Rb5 Ra4 57. Re5 Kf6 58. Rf5+ Kg6 59. Rf8 Kg7 60. Re8 Kg6 61. Re4 Ra1 62. Re6+ Kf7 63. Rb6 Rf1+ 64. Ke4 Kg7 65. Ke5 Rf3 66. e4 Rf4 67. Rb7+ Kg6 68. Rb6+ Kg7 69. Rb7+ Kg6 70. Rb6+ Kg7 1/2-1/2


[Site "https://www.chess.com"]

[Event "Titled Tuesday Blitz October 5 2021"]
[White "Gelman, Alexander"]
[Black "Pasti, Aron"]
[WhiteFideId "4118316"]
[BlackFideId "785857"]
[WhiteElo "2375"]
[BlackElo "2080"]
[Result "1-0"]
[Round "04"]
[TimeControl "180+1"]
[Date "2021.10.05"]
[WhiteClock "0:00:53"]
[BlackClock "0:00:02"]

1. d4 d5 2. Nc3 Nf6 3. Bf4 a6 4. e3 c5 5. Nf3 Nc6 6. Ne5 Bf5 7. g4 Bg6 8. h4 cxd4 9. exd4 Nb4 10. Rc1 e6 11. h5 Be4 12. f3 Bxc2 13. Rxc2 Nxc2+ 14. Qxc2 Bd6 15. g5 Nd7 16. Bd3 Bxe5 17. dxe5 Qb6 18. Bxh7 Qd4 19. Ne2 Qb4+ 20. Bd2 Qb5 21. Bd3 Qc6 22. f4 1-0


[Site "https://www.chess.com"]

[Event "Titled Tuesday Blitz October 5 2021"]
[White "Gimenez Aguirre, Alejo Ismael"]
[Black "Skuhala, Barbara"]
[WhiteFideId "32041667"]
[BlackFideId "14605465"]
[WhiteElo "2031"]
[BlackElo "2121"]
[Result "0-1"]
[Round "04"]
[TimeControl "180+1"]
[Date "2021.10.05"]
[WhiteClock "0:00:07"]
[BlackClock "0:01:58"]

1. e4 c5 2. Nf3 d6 3. d4 cxd4 4. Nxd4 Nf6 5. Nc3 a6 6. Bc4 e6 7. Bg5 Be7 8. Bb3 O-O 9. Qf3 Nc6 10. O-O-O Nxd4 11. Rxd4 Qc7 12. Rhd1 b5 13. Bxf6 Bxf6 14. Rxd6 Bb7 15. Rd7 Qc8 16. a3 Bxc3 17. bxc3 Bc6 18. R7d6 a5 19. Qg4 b4 20. cxb4 axb4 21. axb4 Bb5 22. Kb2 Qc7 23. Qg5 Rfc8 24. Qc5 Qb7 25. Qd4 Be8 26. c4 Qxb4 27. Qb6 Qa3+ 28. Kc3 Rab8 29. Kc2 Rxb6 30. Rxb6 Ba4 31. Rd4 Bxb3+ 32. Rxb3 Qa2+ 33. Kc3 Qa1+ 34. Kd3 Qd1+ 35. Kc3 Qe1+ 36. Kd3 Qxf2 37. Rc3 Qxg2 38. c5 e5 39. Rd5 Qf3+ 40. Kc2 Qxe4+ 41. Rdd3 f5 42. Kd2 f4 43. Rd6 Qg2+ 44. Kd3 e4+ 45. Kd4 e3 46. c6 Qd2+ 47. Rd3 Qb4+ 48. Ke5 e2 49. Rd8+ Rxd8 50. Rxd8+ Kf7 51. Rd7+ Kg6 52. c7 e1=Q+ 0-1


[Site "https://www.chess.com"]

[Event "Titled Tuesday Blitz October 5 2021"]
[White "Glavina, Pablo"]
[Black "Kostiukov, Alexandr"]
[WhiteFideId "100234"]
[BlackFideId "14108100"]
[WhiteElo "2369"]
[BlackElo "2227"]
[Result "1-0"]
[Round "04"]
[TimeControl "180+1"]
[Date "2021.10.05"]
[WhiteClock "0:01:01"]
[BlackClock "0:01:05"]

1. d4 g6 2. e4 Bg7 3. Nf3 c5 4. c3 cxd4 5. cxd4 d5 6. e5 Nc6 7. Bb5 Bg4 8. Bxc6+ bxc6 9. O-O Nh6 10. Nbd2 O-O 11. h3 Bxf3 12. Nxf3 f6 13. Re1 fxe5 14. Nxe5 Rc8 15. Bg5 Nf7 16. Nxf7 Rxf7 17. Qg4 Rc7 18. Re2 Qd7 19. Qh4 Bf6 20. Rae1 h5 21. Bxf6 exf6 22. g4 hxg4 23. Re8+ Rf8 24. Rxf8+ Kxf8 25. Qxf6+ Kg8 26. Qxg6+ 1-0


[Site "https://www.chess.com"]

[Event "Titled Tuesday Blitz October 5 2021"]
[White "Goltsev, Dmitry"]
[Black "Demin, Vladimir"]
[WhiteFideId "24176710"]
[BlackFideId "4167457"]
[WhiteElo "2334"]
[BlackElo "2524"]
[Result "1-0"]
[Round "04"]
[TimeControl "180+1"]
[Date "2021.10.05"]
[WhiteClock "0:01:07"]
[BlackClock "0:00:01"]

1. e4 d5 2. exd5 Nf6 3. d4 Nxd5 4. Nf3 g6 5. c4 Nb6 6. Nc3 Bg7 7. h3 O-O 8. Be3 c5 9. dxc5 Bxc3+ 10. bxc3 Qxd1+ 11. Rxd1 Na4 12. Kd2 Nc6 13. Kc2 b6 14. Nd4 Bb7 15. Nb3 Ne5 16. f4 Be4+ 17. Kc1 Nc6 18. Bd3 Bxg2 19. Rh2 Bf3 20. Rf1 Rad8 21. Bc2 Bh5 22. Be4 Rc8 23. Kc2 Rfe8 24. Rd2 e5 25. f5 gxf5 26. Bxf5 Bg6 27. Bg5 Nxc5 28. Nxc5 bxc5 29. Bxg6 hxg6 30. Rd7 Rf8 31. Bh6 e4 32. Bxf8 Rxf8 33. Rd5 f5 34. Rxc5 Rf6 35. h4 f4 36. Rd5 e3 37. Kd3 Kf7 38. c5 Ke7 39. Rd6 Ne5+ 40. Ke4 e2 41. Re1 f3 42. Rxf6 Kxf6 43. Ke3 Kf5 44. c4 Kg4 45. Rg1+ 1-0


[Site "https://www.chess.com"]

[Event "Titled Tuesday Blitz October 5 2021"]
[White "Gracia Alvarez, Gerardo Antonio"]
[Black "Babazada, Khazar"]
[WhiteFideId "5109124"]
[BlackFideId "13413554"]
[WhiteElo "2148"]
[BlackElo "2302"]
[Result "0-1"]
[Round "04"]
[TimeControl "180+1"]
[Date "2021.10.05"]
[WhiteClock "0:00:07"]
[BlackClock "0:00:17"]

1. e4 e5 2. Nf3 Nc6 3. Nc3 Nf6 4. d4 exd4 5. Nxd4 Bb4 6. Nxc6 bxc6 7. Bd3 O-O 8. O-O d5 9. Bd2 Bd6 10. Bg5 h6 11. Bh4 Be7 12. exd5 cxd5 13. Bxf6 Bxf6 14. Nxd5 Bxb2 15. Rb1 Be5 16. Qf3 c6 17. Nf4 Qd6 18. g3 Bxf4 19. Qxf4 Qxf4 20. gxf4 Be6 21. Rb7 Bxa2 22. Ra1 Bd5 23. Raxa7 g6 24. f5 gxf5 25. Bxf5 Kg7 26. Bd3 Kf6 27. Kf1 Rae8 28. c4 Be6 29. f3 Rg8 30. Kf2 Rd8 31. Be4 Rd2+ 32. Ke3 Rgg2 33. Kf4 Rde2 34. Bxc6 Rxh2 35. Bd5 Rh4+ 36. Kg3 Rh3+ 37. Kf4 Rf2 38. Bxe6 Rhxf3+ 39. Kg4 Rf4+ 40. Kg3 R2f3+ 41. Kg2 fxe6 42. Rf7+ Ke5 43. Rxf4 Rxf4 44. Rh7 Rh4 45. Rd7 Rxc4 46. Rh7 Rg4+ 47. Kh3 Rg1 48. Kh2 Rg6 49. Kh3 Kf5 50. Kh4 e5 51. Kh5 Rf6 52. Re7 e4 53. Re8 Kf4 54. Kh4 e3 55. Kh3 Kf3 56. Ra8 Kf2 57. Re8 e2 0-1


[Site "https://www.chess.com"]

[Event "Titled Tuesday Blitz October 5 2021"]
[White "Grafil, Franz Robert"]
[Black "Cardoso Cardoso, Jose Gabriel"]
[WhiteFideId "5205298"]
[BlackFideId "4430492"]
[WhiteElo "2211"]
[BlackElo "2343"]
[Result "1-0"]
[Round "04"]
[TimeControl "180+1"]
[Date "2021.10.05"]
[WhiteClock "0:00:05"]
[BlackClock "0:00:06"]

1. d4 Nf6 2. c4 g6 3. g3 c5 4. d5 b5 5. cxb5 a6 6. bxa6 Bg7 7. Nc3 O-O 8. d6 Nc6 9. Bg2 Bxa6 10. Nf3 exd6 11. Qxd6 Re8 12. O-O Qa5 13. Bd2 Re6 14. Qf4 Qb4 15. Ng5 Ree8 16. Rfe1 Rab8 17. Rab1 Qxf4 18. Bxf4 Rb4 19. Bd6 h6 20. Nh3 Bf8 21. Bxf8 Kxf8 22. Nf4 Nd4 23. e3 Ne6 24. Nfd5 Nxd5 25. Nxd5 Rbb8 26. b4 Bd3 27. Rb3 Bc4 28. Rb2 Bxd5 29. Bxd5 Nc7 30. Bf3 cxb4 31. Reb1 Na6 32. Be2 Nc5 33. Rxb4 Ra8 34. Bc4 Ra3 35. Rb5 d6 36. Rd1 Rc3 37. Bd5 Ke7 38. e4 g5 39. h3 h5 40. Ra5 Rd8 41. Ra7+ Rd7 42. Rxd7+ Nxd7 43. Rb1 Nc5 44. Rb5 h4 45. gxh4 gxh4 46. Kg2 Nd3 47. Ra5 Nf4+ 48. Kh2 Rxh3+ 49. Kg1 Rc3 50. Ra7+ Kd8 51. Rxf7 Ne2+ 52. Kh2 Nd4 53. Rh7 Nf3+ 54. Kg2 Ne5 55. Rxh4 Rc2 56. Rh8+ Kc7 57. Rh7+ Kb6 58. Rb7+ Ka6 59. Rb8 Ng6 60. Kg3 Rc3+ 61. Kg4 Rc1 62. f4 Rf1 63. f5 Ne5+ 64. Kg3 Rf3+ 65. Kg2 Rf4 66. Rd8 Kb5 67. Rxd6 Kc5 68. Re6 Kd4 69. f6 Ng4 70. Ra6 Nxf6 71. Kg3 Nh5+ 72. Kg2 Ke3 73. Ra3+ Kd4 74. Ra4+ Ke5 75. Ra6 Nf6 76. Re6+ Kd4 77. a4 Ng4 78. Kg3 Ke3 79. a5 Nf2 80. a6 Rg4+ 81. Kh2 Rg7 82. Rh6 Ng4+ 83. Kh3 Nxh6 84. Bb7 Kf3 85. a7 Ng4 86. e5+ Kf2 87. a8=Q Nxe5 88. Qa2+ Ke3 89. Qb3+ Kf4 90. Qb4+ Kf5 91. Bc8+ Kg5 92. Qh4+ Kg6 93. Qg3+ Kf6 94. Qf4+ Kg6 95. Qxe5 Rh7+ 96. Kg3 Rh5 97. Qe6+ Kg5 98. Qf5+ Kh6 99. Qf6+ Kh7 100. Bf5+ Kg8 101. Qg6+ Kh8 102. Qxh5+ Kg7 103. Qg6+ Kf8 104. Qh7 Ke8 105. Be6 Kd8 106. Qd7# 1-0


[Site "https://www.chess.com"]

[Event "Titled Tuesday Blitz October 5 2021"]
[White "Gubajdullin, Alexei"]
[Black "Aradhya, Garg"]
[WhiteFideId "4141202"]
[BlackFideId "25006746"]
[WhiteElo "2268"]
[BlackElo "2146"]
[Result "0-1"]
[Round "04"]
[TimeControl "180+1"]
[Date "2021.10.05"]
[WhiteClock "0:00:19"]
[BlackClock "0:00:46"]

1. d4 d5 2. Bf4 Nf6 3. e3 c5 4. c3 Nc6 5. Nd2 Qb6 6. Qb3 c4 7. Qc2 g6 8. e4 Nxe4 9. Nxe4 dxe4 10. Bxc4 Bf5 11. Qb3 e6 12. Qxb6 axb6 13. Ne2 O-O-O 14. h3 e5 15. dxe5 Bg7 16. Ng3 Bxe5 17. Bg5 f6 18. Be3 Kc7 19. Nxf5 gxf5 20. g3 Ne7 21. Rd1 Ng6 22. Rxd8 Rxd8 23. Rg1 f4 24. gxf4 Nxf4 25. Rg7+ Kc6 26. a4 Nd3+ 27. Kf1 Nxb2 28. Bb5+ Kd5 29. Bxb6 Rc8 30. Rd7+ Ke6 31. Rxb7 Rxc3 32. a5 Rc1+ 33. Kg2 Nd3 34. Bxd3 exd3 35. Be3 Ra1 36. Rb6+ Kd7 37. Rb7+ Kc8 0-1


[Site "https://www.chess.com"]

[Event "Titled Tuesday Blitz October 5 2021"]
[White "Hamidi, Amir Mohammad"]
[Black "Pridorozhni, Aleksei"]
[WhiteFideId "12563285"]
[BlackFideId "4127870"]
[WhiteElo "2239"]
[BlackElo "2565"]
[Result "1/2-1/2"]
[Round "04"]
[TimeControl "180+1"]
[Date "2021.10.05"]
[WhiteClock "0:02:02"]
[BlackClock "0:01:24"]

1. d4 d6 2. c4 e5 3. Nc3 Nc6 4. Nf3 Nf6 5. Bg5 Be7 6. e3 O-O 7. Be2 h6 8. Bh4 Bg4 9. O-O Bxf3 10. Bxf3 exd4 11. exd4 Nd7 12. Bg3 Bf6 13. Bxc6 bxc6 14. Qd2 c5 15. d5 Re8 16. b3 Bxc3 17. Qxc3 a5 18. Rfe1 a4 19. f3 axb3 20. axb3 Rxe1+ 21. Qxe1 Rb8 22. Qc3 Qf6 23. Qxf6 Nxf6 24. Ra3 Kf8 25. Kf1 Ke8 26. Ke2 Kd7 27. Kd3 Nh5 28. Kc2 Re8 29. Kd2 g5 30. Ra1 Rb8 31. Kc2 Re8 32. Kd2 Rb8 33. Ra3 Re8 34. Ra1 1/2-1/2


[Site "https://www.chess.com"]

[Event "Titled Tuesday Blitz October 5 2021"]
[White "Harshavardhan G B"]
[Black "Chernomordik, Pavel"]
[WhiteFideId "25059009"]
[BlackFideId "2804530"]
[WhiteElo "1825"]
[BlackElo "2281"]
[Result "1-0"]
[Round "04"]
[TimeControl "180+1"]
[Date "2021.10.05"]
[WhiteClock "0:02:17"]
[BlackClock "0:00:44"]

1. e4 g6 2. d4 Bg7 3. Nc3 d6 4. Be3 a6 5. a4 b6 6. Bc4 e6 7. Nf3 Ne7 8. h4 h6 9. Qd2 d5 10. Bd3 Nd7 11. exd5 exd5 12. O-O-O c5 13. h5 g5 14. Rhe1 c4 15. Nxd5 Nxd5 16. Bxg5+ Ne7 17. Bxe7 Qxe7 18. Bxc4 Ne5 19. Nxe5 O-O 20. Ng6 Qc7 21. Nxf8 Qxc4 22. Re8 Qa2 23. Ne6+ Kh7 24. Qd3+ 1-0


[Site "https://www.chess.com"]

[Event "Titled Tuesday Blitz October 5 2021"]
[White "Holt, Conrad"]
[Black "Karacsonyi, Gellert"]
[WhiteFideId "2034387"]
[BlackFideId "764620"]
[WhiteElo "2586"]
[BlackElo "2215"]
[Result "1-0"]
[Round "04"]
[TimeControl "180+1"]
[Date "2021.10.05"]
[WhiteClock "0:01:39"]
[BlackClock "0:01:13"]

1. d4 Nf6 2. c4 e6 3. Nc3 Bb4 4. Qc2 O-O 5. e4 d5 6. e5 Ne4 7. Bd3 c5 8. Nf3 Nc6 9. O-O f5 10. cxd5 exd5 11. Nxd5 Be6 12. Nf4 Bf7 13. d5 Nd4 14. Nxd4 cxd4 15. Bxe4 fxe4 16. Qxe4 Bc5 17. b4 Bb6 18. e6 1-0


[Site "https://www.chess.com"]